 Dungeon Crawl Stone Soup version 0.28-a0-32-g8dfe7f97f6 (webtiles) character file.

Game seed: 836732244539229144

5 willcat the Sneak (level 1, -1/14 HPs)
             Began as a Kobold Delver on July 27, 2021.
             Slain by a scorpion (2 damage)
             ... on level 6 of the Dungeon.
             The game lasted 00:00:44 (435 turns).

willcat the Sneak (Kobold Delver)                    Turns: 435, Time: 00:00:44

Health: -1/14      AC:  3    Str:  9    XL:     1   Next: 88%
Magic:  1/1        EV: 14    Int: 11    God:
Gold:   0          SH:  0    Dex: 16    Spells: 0/0 levels left

rFire   . . .      SeeInvis .   a - +0 short sword
rCold   . . .      Faith    .   (shield restricted)
rNeg    . . .      Spirit   .   b - +0 leather armour
rPois   .          Reflect  .   (no helmet)
rElec   .          Harm     .   (no cloak)
rCorr   .          Rampage  .   (no gloves)
Will    .....                   (no boots)
Stlth   ++++......              (no amulet)
HPRegen 0.04/turn               (no ring)
MPRegen 0.07/turn               (no ring)

@: no status effects
A: small, no large weapons, nightstalker 3
a: no special abilities


You were on level 6 of the Dungeon.
You visited 1 branch of the dungeon, and saw 2 of its levels.

Inventory:

Hand Weapons
 a - a +0 short sword (weapon)
Armour
 b - a +0 leather armour (worn)
Wands
 g - a wand of digging (3)
Scrolls
 c - a scroll of fog
 d - a scroll of magic mapping
 e - 2 scrolls of fear
 h - a scroll of teleportation {unknown}
Potions
 f - a potion of haste
 i - a potion of attraction {unknown}


   Skills:
 - Level 3.2 Fighting
 + Level 2.9 Short Blades
 + Level 2.6 Dodging
 + Level 6.7 Stealth


You couldn't memorise any spells.
You didn't know any spells.
Your spell library was empty.

Dungeon Overview and Level Annotations

Branches:
Dungeon (6/15)
 Temple: D:4-7

Altars:
Wu Jian
Yredelemnul


Innate Abilities, Weirdness & Mutations

You are small and have problems with some larger weapons.
You are completely attuned to the shadows.


Message History

Found 15 stones.
Found an escape hatch in the ceiling.
i - a cyan potion
There is an escape hatch in the ceiling here.
Found an ornate altar of the Wu Jian Council.
Found 19 arrows.
A howler monkey comes into view.
A gnoll and a gnoll sergeant come into view.
The gnoll is wielding a +1 spear of venom. 2 gnolls come into view.
There is an open door here.
Found a basalt altar of Yredelemnul.
There is a basalt altar of Yredelemnul here.
Found 27 arrows.
A scorpion comes into view.
You see here 27 arrows.
The helpless scorpion fails to defend itself.
You impale the scorpion!!
The scorpion is almost dead.
The scorpion completely misses you.
You hit the scorpion but do no damage.
The scorpion is almost dead.
The scorpion closely misses you.
You hit the scorpion but do no damage.
The scorpion is almost dead.
The scorpion stings you.
You barely miss the scorpion.
The scorpion is almost dead.
The scorpion barely misses you. The scorpion stings you!
Ouch! That really hurt!
* * * LOW HITPOINT WARNING * * *
Unknown command.
You barely miss the scorpion.
The scorpion is almost dead.
The scorpion barely misses you.
Unknown command.
You closely miss the scorpion.
The scorpion is almost dead.
The scorpion stings you.
You die...

#.# #.#
#.##############
####s#............###
....@..##########....
##.....# #.###
##...## #.# ##.## #.#
#.# ..# #.# .# ##'##
.# ##...## .#
##.....## ##.#


You could see a scorpion.

Vanquished Creatures
  An ufetubus (D:6)
1 creature vanquished.

Notes
Turn   | Place    | Note
-------+----------+-------------------------------------------
     0 | D:5      | willcat the Kobold Delver began the quest for the Orb.
     0 | D:5      | Reached XP level 1. HP: 14/14 MP: 1/1
   238 | D:6      | Noticed a phantom
   350 | D:6      | Found an ornate altar of the Wu Jian Council.
   372 | D:6      | Noticed a howler monkey
   387 | D:6      | Noticed a gnoll sergeant
   395 | D:6      | Found a basalt altar of Yredelemnul.
   427 | D:6      | Noticed a scorpion
   435 | D:6      | Slain by a scorpion

Illustrated notes

Levels and vault maps discovered:
D:5:      minmay_clustersquares, layout_cave_pods, gammafunk_ghost_icy,
          portal_sewer_entry_d, uniq_pikel
D:6:      layout_loops_corners, nicolae_overflow_crystal_walls,
          mainiacjoe_overflow_boulevard, zin_academy, serial_shops,
          nicolae_take_the_stairs

Action                   || total
-------------------------++-------
Melee: Short sword       ||    16
 Stab: Sleeping          ||     1
Armor: Leather armour    ||     5
Dodge: Dodged            ||    23

Table legend: (Time is in decaauts)
 A = Elapsed time spent in this place.
 B = Non-inter-level travel time spent in this place.
 C = Inter-level travel time spent in this place.
 D = Time resting spent in this place.
 E = Time spent auto-exploring this place.
 F = Levels seen in this place.
 G = Mean time per level.
                   A        B        C        D        E       F      G
               +--------+--------+--------+--------+--------+-----+--------+
         Total |    435 |    435 |      0 |    198 |    127 |   2 |  217.5 |
       Dungeon |    435 |    435 |      0 |    198 |    127 |   2 |  217.5 |
               +--------+--------+--------+--------+--------+-----+--------+

Top non-repeatable levels by time:
     D:6: 411 daAuts
     D:5: 23 daAuts
